AoeStats
← Joey_did_it

Scandinavia

510377626Analyzed
1v1 RM · 18h ago on Sep 30, 2026· 23m 2s· 2 players
Game mode
Random Map
Map size
Tiny (2 player)
Population
200
Speed
Normal
Resources
Standard
Victory
Conquest
Starting age
Dark Age
Ending age
Imperial Age
RankedLock teamsTeams togetherTeam positionsShared explorationLock speedFull tech treeHidden civsTurbo modeCheats
Victory
Defeat
🇨🇴 Koreans · Colombia
604
+8
🇺🇸 Britons · United States
414
-8
Joey_did_it
13:36 Feudal Age
13:57 Horse Collar
15:49 Wheelbarrow
17:01 Man-at-Arms
Santypg29
12:33 Feudal Age
13:31 Double-Bit Axe
13:30 Fishing Lines
17:07 Gold Mining
19:07 Fletching
21:22 Castle Age
21:32 Crossbowman
22:18 Thumb Ring
23:10 Bodkin Arrow
Connection lost

Rejoining the realm…

Still unreachable

The connection could not be restored.

Session expired

The server has moved on; the page needs a fresh start.